[Event "FIDE Womens Grand Prix 2019-20"]
[Site "Skolkovo"]
[Date "2019.09.12"]
[Round "2.1"]
[White "Ju, Wenjun"]
[Black "Harika, Dronavalli"]
[Result "1/2-1/2"]
[ECO "E70"]
[WhiteElo "2576"]
[BlackElo "2503"]
[Annotator "ChessBase"]
[PlyCount "130"]
[EventDate "2019.09.11"]
[EventType "tourn"]
[EventCountry "RUS"]
[SourceTitle "playchess.com"]
[Source "ChessBase"]
[SourceQuality "1"]
[TimeControl "40/5400+30:1800+30"]

1. d4 Nf6 2. c4 g6 3. Nc3 Bg7 4. e4 d6 5. Bd3 O-O 6. Nge2 Nc6 7. O-O e5 8. d5 Nd4 9. Nxd4 exd4 10. Ne2 Nd7 11. Bc2 Ne5 12. Nxd4 Nxc4 13. Rb1 Ne5 14. b3 c5 15. dxc6 bxc6 16. Bb2 c5 17. Ne2 Ba6 18. h3 Qe7 19. Re1 Bxe2 20. Qxe2 Nc6 21. Bd3 Bxb2 22. Qxb2 a5 23. Bc4 Qe5 24. Qxe5 Nxe5 25. Red1 Rfb8 26. Rbc1 Nxc4 27. Rxc4 Rb6 28. f4 a4 29. bxa4 Rba6 30. a5 Rxa5 31. Rxd6 Rxa2 32. Rxc5 R8a4 33. f5 Rxe4 34. f6 Ra8 35. Rc7 h6 36. Kf2 Rf4+ 37. Kg3 g5 38. Rcd7 Rf8 39. Rd4 Rxf6 40. h4 Kg7 41. hxg5 Rg6 42. Rf4 Rxg5+ 43. Kf3 Kg6 44. Rd6+ f6 45. Rc6 h5 46. Rd6 Ra5 47. Kg3 Kg5 48. Rfd4 Re5 49. Rd8 Rxd8 50. Rxd8 Re3+ 51. Kf2 Re5 52. g3 Kg4 53. Rd4+ Kg5 54. Kf3 Ra5 55. Rc4 f5 56. Rd4 Ra3+ 57. Kf2 Rc3 58. Rd8 Rc2+ 59. Kf3 Rc3+ 60. Kf2 Kf6 61. Rh8 Kg6 62. Rg8+ Kf6 63. Rh8 Kg6 64. Rg8+ Kf6 65. Rh8 Kg6 1/2-1/2

[Event "FIDE Womens Grand Prix 2019-20"]
[Site "Skolkovo"]
[Date "2019.09.12"]
[Round "2.2"]
[White "Sebag, Marie"]
[Black "Koneru, Humpy"]
[Result "1/2-1/2"]
[ECO "C42"]
[WhiteElo "2450"]
[BlackElo "2560"]
[Annotator "ChessBase"]
[PlyCount "52"]
[EventDate "2019.09.11"]
[EventType "tourn"]
[EventCountry "RUS"]
[SourceTitle "playchess.com"]
[Source "ChessBase"]
[SourceQuality "1"]
[TimeControl "40/5400+30:1800+30"]

1. e4 e5 2. Nf3 Nf6 3. Nxe5 d6 4. Nf3 Nxe4 5. d4 d5 6. Bd3 Bd6 7. O-O O-O 8. c4 c6 9. Re1 Bf5 10. Qb3 Na6 11. Nc3 dxc4 12. Bxc4 Nxc3 13. bxc3 b5 14. Bf1 Nc7 15. Bg5 Qc8 16. c4 Be6 17. Qc2 bxc4 18. Bxc4 Nd5 19. Bd2 h6 20. Rac1 Rb8 21. Bb3 Ba3 22. Rcd1 Bf5 23. Qc4 Bg4 24. Qd3 Bf5 25. Qc4 Bg4 26. Qd3 Bf5 1/2-1/2

[Event "FIDE Womens Grand Prix 2019-20"]
[Site "Skolkovo"]
[Date "2019.09.12"]
[Round "2.3"]
[White "Kashlinskaya, Alina"]
[Black "Lagno, Kateryna"]
[Result "1/2-1/2"]
[ECO "A85"]
[WhiteElo "2487"]
[BlackElo "2545"]
[Annotator "ChessBase"]
[PlyCount "78"]
[EventDate "2019.09.11"]
[EventType "tourn"]
[EventCountry "RUS"]
[SourceTitle "playchess.com"]
[Source "ChessBase"]
[SourceQuality "1"]
[TimeControl "40/5400+30:1800+30"]

1. d4 f5 2. c4 Nf6 3. Nc3 e6 4. Nf3 Bb4 5. Qb3 c5 6. Bg5 O-O 7. Bxf6 Qxf6 8. e3 Nc6 9. a3 Bxc3+ 10. Qxc3 d6 11. Be2 e5 12. d5 Ne7 13. b4 b6 14. bxc5 bxc5 15. Rb1 g5 16. Nd2 Ng6 17. O-O g4 18. Qa5 e4 19. Rb3 Ne5 20. Rfb1 f4 21. Nxe4 Qg6 22. Nd2 f3 23. Bf1 fxg2 24. Bxg2 Nf3+ 25. Kh1 Nh4 26. Be4 Bf5 27. Bxf5 Qxf5 28. Rg1 Qxf2 29. Rxg4+ Ng6 30. Rg2 Qe1+ 31. Rg1 Qe2 32. Qc7 Rf7 33. Qxd6 Qxd2 34. Rxg6+ hxg6 35. Qxg6+ Rg7 36. Qe6+ Rf7 37. Qg6+ Rg7 38. Qe6+ Kh7 39. Qh3+ Kg8 1/2-1/2

[Event "FIDE Womens Grand Prix 2019-20"]
[Site "Skolkovo"]
[Date "2019.09.12"]
[Round "2.4"]
[White "Kosteniuk, Alexandra"]
[Black "Gunina, Valentina"]
[Result "0-1"]
[ECO "B11"]
[WhiteElo "2495"]
[BlackElo "2502"]
[Annotator "ChessBase"]
[PlyCount "112"]
[EventDate "2019.09.11"]
[EventType "tourn"]
[EventCountry "RUS"]
[SourceTitle "playchess.com"]
[Source "ChessBase"]
[SourceQuality "1"]
[TimeControl "40/5400+30:1800+30"]

1. e4 c6 2. Nc3 d5 3. Nf3 Bg4 4. h3 Bxf3 5. Qxf3 Nf6 6. g3 e6 7. Bg2 Nbd7 8. O-O h5 9. exd5 cxd5 10. Qe2 h4 11. g4 Be7 12. d4 Qb6 13. Rd1 Rc8 14. a4 a6 15. a5 Qc7 16. Bd2 g6 17. Re1 Nb8 18. Bg5 Kf8 19. Na4 Nc6 20. Nb6 Rd8 21. Qd2 Kg7 22. Bf4 Bd6 23. Bxd6 Qxd6 24. Ra3 Rhe8 25. Rb3 Re7 26. Rbe3 Rc7 27. Rb3 Re7 28. Rbe3 Rde8 29. Rd1 Rd8 30. b3 Rc7 31. Qe1 Nb4 32. c4 Nc2 33. c5 Qf4 34. Qe2 Nxe3 35. fxe3 Qg5 36. b4 Re7 37. e4 dxe4 38. Nc4 Nd5 39. Rf1 e3 40. Nd6 f5 41. Kh1 fxg4 42. Ne4 Qh6 43. Qxg4 Rf8 44. Rg1 Nf4 45. Bf1 Qh5 46. Be2 Qxg4 47. Bxg4 Nd3 48. Kg2 Rf4 49. Bf3 Nxb4 50. Nd6 Nc2 51. Be4 Nxd4 52. Re1 Rf2+ 53. Kh1 Nf3 54. Bxf3 Rxf3 55. Kg2 Rf2+ 56. Kg1 Rc2 0-1

[Event "FIDE Womens Grand Prix 2019-20"]
[Site "Skolkovo"]
[Date "2019.09.12"]
[Round "2.5"]
[White "Goryachkina, Aleksandra"]
[Black "Paehtz, Elisabeth"]
[Result "1/2-1/2"]
[ECO "D10"]
[WhiteElo "2564"]
[BlackElo "2479"]
[Annotator "ChessBase"]
[PlyCount "160"]
[EventDate "2019.09.11"]
[EventType "tourn"]
[EventCountry "RUS"]
[SourceTitle "playchess.com"]
[Source "ChessBase"]
[SourceQuality "1"]
[TimeControl "40/5400+30:1800+30"]

1. d4 d5 2. c4 c6 3. cxd5 cxd5 4. Bf4 Nc6 5. e3 Nf6 6. Bd3 Bg4 7. Ne2 Rc8 8. h3 Bh5 9. O-O e6 10. Qb3 Nb4 11. Bb5+ Nd7 12. a3 Nc6 13. Nbc3 Be7 14. Bh2 Bg6 15. Nf4 Nb6 16. Nxg6 hxg6 17. Na4 Nxa4 18. Qxa4 a6 19. Bxc6+ Rxc6 20. Rfc1 Qb6 21. Rxc6 Qxc6 22. Qd1 Qb6 23. Qc2 Kd7 24. Rc1 Bd6 25. Bxd6 Qxd6 26. Qb3 Rb8 27. a4 b5 28. Rc5 Qb6 29. axb5 axb5 30. Qb4 Qa6 31. b3 g5 32. Rc1 Qd6 33. Qa5 Qb6 34. Qc3 b4 35. Qd3 g6 36. Rc5 Ke7 37. Qc2 Kf6 38. Qa2 Rb7 39. Qa8 Rb8 40. Qa4 Qb7 41. Qa5 Qb6 42. Qxb6 Rxb6 43. Rc7 e5 44. dxe5+ Kxe5 45. Rxf7 Ke4 46. Rc7 Kd3 47. Rc5 Rf6 48. g4 Ke2 49. Rxd5 Rxf2 50. Rxg5 Kf3 51. Rxg6 Rb2 52. Rf6+ Kg3 53. Kf1 Rxb3 54. Ke2 Rb2+ 55. Kd3 Kxh3 56. g5 Rg2 57. Rb6 Kg4 58. g6 Kf5 59. Rxb4 Kxg6 60. Rb6+ Kf7 61. Ke4 Rg5 62. Kf4 Ra5 63. e4 Ke7 64. Rh6 Rb5 65. Rh7+ Ke6 66. Ra7 Rc5 67. Ra6+ Ke7 68. Ke3 Rb5 69. Kd3 Rh5 70. Kc4 Kd7 71. Ra7+ Ke6 72. Ra8 Ke7 73. Ra1 Ke6 74. Rd1 Re5 75. Kd4 Ra5 76. Ke3 Ke5 77. Rd3 Rb5 78. Ra3 Ke6 79. Kf4 Ke7 80. Ra7+ Ke6 1/2-1/2

[Event "FIDE Womens Grand Prix 2019-20"]
[Site "Skolkovo"]
[Date "2019.09.12"]
[Round "2.6"]
[White "Cramling, Pia"]
[Black "Stefanova, Antoaneta"]
[Result "1/2-1/2"]
[ECO "A33"]
[WhiteElo "2487"]
[BlackElo "2491"]
[Annotator "ChessBase"]
[PlyCount "113"]
[EventDate "2019.09.11"]
[EventType "tourn"]
[EventCountry "RUS"]
[SourceTitle "playchess.com"]
[Source "ChessBase"]
[SourceQuality "1"]
[TimeControl "40/5400+30:1800+30"]

1. Nf3 Nf6 2. c4 c5 3. Nc3 Nc6 4. d4 cxd4 5. Nxd4 e6 6. a3 Bc5 7. Nb3 Bb6 8. c5 Bc7 9. g3 O-O 10. Bg2 Be5 11. O-O b6 12. Be3 Bxc3 13. bxc3 Ba6 14. Rb1 Nd5 15. Bxd5 exd5 16. Re1 Re8 17. Qxd5 Re5 18. Qd2 Rh5 19. cxb6 axb6 20. Nc1 Qe7 21. Nd3 Na5 22. Bxb6 Nc4 23. Qf4 Rc8 24. Bd4 Nxa3 25. Rb8 Rb5 26. Rxc8+ Bxc8 27. Qc7 Qe8 28. Bc5 Nc4 29. Bd4 Na3 30. Ne5 f6 31. Nc4 Nxc4 32. Qxc4+ d5 33. Qc7 Bh3 34. f3 h5 35. Kf2 Qe6 36. Qf4 Bf5 37. Ra1 Rb2 38. Qe3 Qxe3+ 39. Kxe3 Bd7 40. Kf2 Rb7 41. Rd1 Bb5 42. Rd2 Bc4 43. e4 dxe4 44. fxe4 Kf7 45. Bc5 Rc7 46. Bb4 Be6 47. Ke3 Rd7 48. Bd6 Bc4 49. Rd4 Ba6 50. h4 Ke6 51. Bb8 Rxd4 52. cxd4 Bf1 53. d5+ Kf7 54. Kf3 Bh3 55. Ba7 Ke8 56. Bc5 Kf7 57. Kf4 1/2-1/2